 Dungeon Sprint DCSS version 0.27-a0-808-g60bc5d92e6 (webtiles) character file.

Game seed: 2890726282120210268

667 mhtbhm the Blocker (level 7, -1/50 HPs)
             Began as a Gargoyle Fighter on Mar 29, 2021.
             Was a Follower of Okawaru.
             Killed from afar by an acid dragon (18 damage)
             ... with a splash of acid
             ... in the Dungeon (Sprint IX: "|||||||||||||||||||||||||||||").
             The game lasted 00:01:14 (317 turns).

mhtbhm the Blocker (Gargoyle Fighter)                Turns: 317, Time: 00:01:16

Health: -1/50      AC: 11    Str: 25    XL:     7   Next: 57%
Magic:  7/7        EV:  9    Int: 11    God:    Okawaru [*.....]
Gold:   0          SH: 12    Dex:  9    Spells: 6/6 levels left

rFire    . . .     SeeInvis .   a - +0 flail
rCold    . . .     Faith    .   c - +0 kite shield
rNeg     + . .     Spirit   .   b - +1 scale mail
rPois    ∞         Reflect  .   (no helmet)
rElec    +         Harm     .   (no cloak)
rCorr    .         Rampage  .   (no gloves)
Will     .....     NoTele   +   m - +0 pair of boots
Stlth    ..........             (no amulet)
HPRegen  0.16/turn              n - +3 ring of strength
MPRegen  0.10/turn              o - +3 ring of intelligence

@: corroded, berserk cooldown, very slightly contaminated, slowed, invisible,
very slow
A: AC +4, negative energy resistance 1, electricity resistance, torment
resistance 1, unbreathing 1, petrification resistance
a: Renounce Religion, Heroism


You were in the Dungeon.
You worshipped Okawaru.
Okawaru was aware of your devotion.
You visited 1 branch

Inventory:

Hand Weapons
 a - a +0 flail (weapon)
Armour
 b - a +1 scale mail (worn)
 c - a +0 kite shield (worn)
 m - a +0 pair of boots (worn)
Jewellery
 n - a +3 ring of strength (left hand)
 o - a +3 ring of intelligence (right hand)
Wands
 l - a wand of iceblast (10)
Scrolls
 j - 2 scrolls of blinking
 k - 2 scrolls of amnesia
Potions
 e - 3 potions of curing
 f - a potion of heal wounds
 g - a potion of haste
 h - 4 potions of magic


   Skills:
 + Level 8.8 Fighting
 + Level 8.9 Maces & Flails
 + Level 8.8 Armour
 + Level 1.8 Dodging
 + Level 9.4 Shields


You had 6 spell levels left.
You didn't know any spells.
Your spell library was empty.

Dungeon Overview and Level Annotations

Branches:
Dungeon (1/1)

Altars:
Cheibriados
Dithmenos
Elyvilon
Fedhas
Gozag
Hepliaklqana
Kikubaaqudgha
Makhleb
Nemelex Xobeh
Okawaru
Qazlal
Ru
Sif Muna
Trog
Uskayaw
Vehumet
Wu Jian
Xom
Yredelemnul
Zin
The Shining One
Beogh
Jiyva
Lugonu


Innate Abilities, Weirdness & Mutations

Your stone body is resilient. (AC +4)
You are immune to poison.
You resist negative energy. (rN+)
You are resistant to electric shocks. (rElec)
You are resistant to unholy torment.
You can survive without breathing.
You are immune to petrification.


Message History

The acid dragon claws you but does no damage.
You barely miss the acid dragon. You block the acid dragon's attack. x2
Unknown command.
You feel better. The acid dragon closely misses you. x2
You block the acid dragon's attack. x2
Unknown command.
You hit the acid dragon but do no damage.
You block the acid dragon's attack.
The acid dragon claws you but does no damage.
You barely miss the acid dragon. You block the acid dragon's attack. x2
The acid dragon bites you. The acid dragon closely misses you.
You completely miss the acid dragon.
The acid dragon bites you but does no damage.
The acid dragon closely misses you.
You barely miss the acid dragon. The acid dragon spits acid at you.
The splash of acid hits you! The acid corrodes you!
You are splashed with acid!
* * * LOW HITPOINT WARNING * * *
You block the acid dragon's attack.
The acid dragon claws you but does no damage.
Unknown command.
You feel better.
The acid dragon bites you but does no damage.
You block the acid dragon's attack. The acid dragon barely misses you.
You block the acid dragon's attack.
Unknown command.
You fade into invisibility!
The acid dragon closely misses you. The acid dragon completely misses you.
You are very lightly contaminated with residual magic.
You sock the acid dragon!
The acid dragon is moderately wounded.
You block the acid dragon's attack. x4
You catch the helpless acid dragon completely off-guard!
You hit the acid dragon.
The acid dragon is moderately wounded.
The acid dragon barely misses you.
The acid dragon claws you but does no damage.
The acid dragon spits acid at you. The splash of acid hits you!!
You die...

▓.▓
▓.▓
▓.▓
▓.▓
▓Z▓
▓Y▓
▓D▓
▓@▓
▓.▓
▓[▓
▓[▓
▓.▓
▓.▓
▓)▓
▓.▓
▓.▓


You could see a yak, an acid dragon (catching breath) and an adder zombie.

Vanquished Creatures
  A wyvern (D)
  2 yaks (D)
  A water moccasin (D)
  A necrophage (D)
  A hound (D)
  An adder (D)
  An ufetubus (D)
  An endoplasm (D)
  A giant cockroach (D)
  A ball python (D)
  A kobold (D)
  A rat (D)
13 creatures vanquished.

Notes
Turn   | Place    | Note
-------+----------+-------------------------------------------
     0 | D        | mhtbhm the Gargoyle Fighter began the quest for the Orb.
     0 | D        | Reached XP level 1. HP: 14/14 MP: 1/1
   169 | D        | Noticed a necrophage
   169 | D        | Noticed a hound
   169 | D        | Noticed a water moccasin
   174 | D        | Killed a water moccasin
   175 | D        | Reached skill level 6 in Shields
   175 | D        | Reached XP level 2. HP: 18/22 MP: 2/2
   175 | D        | Reached XP level 3. HP: 22/27 MP: 3/3
   175 | D        | Reached XP level 4. HP: 26/32 MP: 4/4
   184 | D        | Reached XP level 5. HP: 32/37 MP: 5/5
   191 | D        | Killed a necrophage
   192 | D        | Reached skill level 5 in Maces & Flails
   192 | D        | Reached skill level 7 in Shields
   192 | D        | Reached XP level 6. HP: 37/44 MP: 6/6
   208 | D        | Found a snail-covered altar of Cheibriados.
   208 | D        | Found a shadowy altar of Dithmenos.
   208 | D        | Found a white marble altar of Elyvilon.
   208 | D        | Found a blossoming altar of Fedhas.
   208 | D        | Found an opulent altar of Gozag.
   209 | D        | Found a hazy altar of Hepliaklqana.
   210 | D        | Found a viscous altar of Jiyva.
   211 | D        | Found an ancient bone altar of Kikubaaqudgha.
   212 | D        | Found a corrupted altar of Lugonu.
   213 | D        | Found a burning altar of Makhleb.
   214 | D        | Found a sparkling altar of Nemelex Xobeh.
   215 | D        | Found an iron altar of Okawaru.
   216 | D        | Found a stormy altar of Qazlal.
   217 | D        | Found a sacrificial altar of Ru.
   218 | D        | Found a shimmering blue altar of Sif Muna.
   219 | D        | Found a bloodstained altar of Trog.
   220 | D        | Found a hide-covered altar of Uskayaw.
   221 | D        | Found a radiant altar of Vehumet.
   222 | D        | Found an ornate altar of the Wu Jian Council.
   223 | D        | Found a shimmering altar of Xom.
   224 | D        | Found a basalt altar of Yredelemnul.
   225 | D        | Found a glowing silver altar of Zin.
   229 | D        | Became a worshipper of Warmaster Okawaru
   233 | D        | Found a glowing golden altar of the Shining One.
   282 | D        | Noticed a yak
   282 | D        | Noticed an acid dragon
   282 | D        | Noticed a yak
   282 | D        | Noticed a yak
   282 | D        | Noticed a wyvern
   293 | D        | Killed a wyvern
   294 | D        | Reached skill level 1 in Dodging
   294 | D        | Reached skill level 8 in Shields
   297 | D        | Killed a yak
   297 | D        | Reached * piety under Okawaru
   298 | D        | Reached skill level 9 in Shields
   298 | D        | Reached XP level 7. HP: 50/50 MP: 7/7
   306 | D        | Killed a yak
   317 | D        | Killed from afar by an acid dragon

Illustrated notes

Levels and vault maps discovered:
D:        linesprint [early_d, line_temple, items_1, d_10, items_2, lair_1,
          lair_end, items_3, orc_1, orc_end, items_4, d_15, swamp_1, shoals_1,
          snake_1, spider_1, d_20, vaults_1, items_5, swamp_end, shoals_end,
          snake_end, spider_end, vaults_end, d_27, items_6, zot_1, zot_end,
          crypt_end, forest_end, elf_end, slime_end, tomb_end, abyss_end,
          pan_hell_end]

Skill      XL: |  1  2  3  4  5  6 |
---------------+-------------------+-----
Fighting       | 6 7 8 |  8.8
Maces & Flails | 4 5 8 |  8.9
Armour         | 6 7 8 |  8.8
Shields        | 6 7 9 |  9.4
Dodging        | 1 |  1.8

Action                   |  1- 3 |  4- 6 |  7- 9 || total
-------------------------+-------+-------+-------++-------
Melee: Flail             |    25 |    39 |    17 ||    81
  Use: Potion            |     1 |     3 |     3 ||     7
 Stab: Invisible         |       |       |     1 ||     1
Armor: Scale mail        |    10 |    22 |    10 ||    42
Dodge: Dodged            |     9 |     8 |     9 ||    26
Block: Kite shield       |    12 |    28 |    17 ||    57

Table legend: (Time is in decaauts)
 A = Elapsed time spent in this place.
 B = Non-inter-level travel time spent in this place.
 C = Inter-level travel time spent in this place.
 D = Time resting spent in this place.
 E = Time spent auto-exploring this place.
 F = Levels seen in this place.
 G = Mean time per level.
                   A        B        C        D        E       F      G
               +--------+--------+--------+--------+--------+-----+--------+
         Total |    342 |    342 |      0 |    138 |      0 |   1 |  342.0 |
       Dungeon |    342 |    342 |      0 |    138 |      0 |   1 |  342.0 |
               +--------+--------+--------+--------+--------+-----+--------+

Top non-repeatable levels by time:
       D: 342 daAuts
